Dins, chaotic male elven Priest ----------- -------- |.........| |.......################## --.........-- |......| -.-------# ##............| |......| ##........|# # |...........| * ######.......-# # |..>...{|# ### --.........-- -..(- ### ###--------# # |.....`..### # |.........| .....## # # # ----.----# # # -|--------- ).@..####(### # # ## # ##` # # ....| # # # ## # # # # ----- ### # # ## # ##` # # # #### # # # # # # ######--------# #### ##[# # #-.^...)|# #--.----)--# # |......-# #|....[.)[|### # |......| #|....).%..# # -.--- -------- #-....<...| ###|*..| ---------- #....| ----- Dins the Curate Experience level: 14 Strength: 18 Dexterity: 17 Constitution: 16 Intelligence: 10 Wisdom: 17 Charisma: 13 Health: 92(92) Energy: 220(220) Def: 25 Gold: 16852 Moves: 38299 Dungeon seed: vXjpxbTUxoVblxKf Game ID: Dins_1433439262 Your Inventory: Coins $ - 16852 gold pieces Amulets F - an amulet of reflection (being worn) H - a cheap plastic imitation of the Amulet of Yendor Weapons a - the rustproof +0 Trollsbane (weapon in hand) t - a +0 orcish dagger v - the fireproof +0 Sting S - a +2 mace Armor i - a very burnt +3 dwarvish cloak (being worn) q - a fireproof +0 pair of speed boots (being worn) N - a blessed +2 large shield V - a rustproof +0 pair of gauntlets of power X - a +1 Hawaiian shirt (being worn) Y - a +2 gray dragon scale mail (being worn) Z - a corroded +0 helmet (being worn) Comestibles c - a clove of garlic d - a sprig of wolfsbane o - a food ration r - a K-ration E - 4 lizard corpses Spellbooks P - a spellbook of remove curse Q - a spellbook of slow monster R - a spellbook of polymorph Potions m - a potion of healing L - a cursed potion of object detection Rings j - a ring of searching (on left hand) l - a +0 ring of protection (on right hand) Wands O - a wand of enlightenment (0:4) Tools b - a blessed bag of holding k - a skeleton key p - a +0 pick-axe u - a -3 unicorn horn I - a magic marker (0:11) Gems e - a luckstone n - a blessed touchstone Contents of the bag of holding: 28608 gold pieces a +0 silver saber a +0 worm tooth a blessed +3 pair of water walking boots 27 C-rations a slime mold a tin of Green-elf meat 3 potions of water a blindfold a mirror Spells known in the end: Name Level Category Fail Memory a - detect unseen 3* divination 86% 0% b - cure blindness 2* healing 5% 0% c - protection 1* clerical 10% 0% d - detect monsters 1 divination 10% 52% e - confuse monster 2 enchantment 21% 70% f - restore ability 4 healing 100% 71% g - cone of cold 4 attack 100% 78% Your skills at the end: Fighting Skills Weapon Skills mace [Expert] morning star [Expert] Spellcasting Skills clerical spells [Basic] Final Attributes: You were haltingly aligned. You were fire resistant. You were cold resistant. You were sleep resistant. You were poison resistant. You were magic-protected. You saw invisible. You were telepathic. You had automatic searching. You had infravision. You were protected. You were very fast. You had reflection. You were extremely lucky. You had extra luck. Bad luck did not time out for you. Good luck did not time out for you. You are dead. Vanquished creatures: Croesus a glass golem a gray dragon a red dragon 2 titanotheres a trapper a baby blue dragon a guardian naga an aligned priest a clay golem a lurker above an ettin a golden naga 3 black puddings 4 ghosts 4 lieutenants a queen bee a winged gargoyle 2 mind flayers 3 giant mimics a fire giant an ice troll 5 rock trolls 2 umber hulks 2 flesh golems 5 large mimics a fire vortex 2 long worms 2 couatls 4 stalkers 2 earth elementals a hill giant 3 black nagas 2 xorns 2 giant zombies 15 sergeants 3 wargs 5 winter wolves 2 small mimics a glass piercer a warhorse a xan 4 ettin mummies a quantum mechanic 10 trolls a sasquatch a wood golem 2 gelatinous cubes a pyrolisk a large dog 3 freezing spheres a flaming sphere 3 shocking spheres 2 large cats 2 tigers 2 gargoyles 2 dwarf kings 3 tengu 4 ochre jellies 2 leocrottas 3 energy vortices 4 mountain centaurs 3 elf mummies 2 human mummies 2 red nagas 4 pit vipers a python a carnivorous ape 3 ettin zombies 71 soldiers a succubus 4 chameleons 3 crocodiles 3 giant beetles 5 cockatrices 9 wolves a winter wolf cub 2 lynxes a panther 10 gremlins 29 leprechauns a spotted jelly a mountain nymph 2 orc-captains 4 iron piercers a mumak 3 giant spiders a scorpion 4 horses an ice vortex 2 black lights 3 vampire bats 3 forest centaurs 5 gnome kings 3 orc mummies a dwarf mummy an ogre a rust monster 2 owlbears 6 yetis 5 gold golems 2 werewolves 9 lizards an acolyte 4 dogs 2 dingos 2 housecats 5 jaguars 2 dwarf lords 2 blue jellies 4 water nymphs a white unicorn 3 gray unicorns 4 dust vortices 8 ravens 8 plains centaurs 4 gnome mummies 5 snakes 6 apes 16 human zombies 2 rope golems 3 Woodland-elves a soldier ant 3 fire ants 19 bugbears an imp 3 wood nymphs 27 Mordor orcs 9 Uruk-hai 2 orc shamans 4 rock piercers 2 rock moles 3 ponies 4 fog clouds 5 yellow lights 3 shriekers 6 violet fungi 23 gnome lords 6 gnomish wizards a kobold mummy a black naga hatchling 2 golden naga hatchlings 7 gray oozes a barrow wight 6 elf zombies 2 ghouls 3 paper golems 2 baby crocodiles 8 giant ants 2 little dogs 6 floating eyes 5 kittens 21 dwarves a homunculus 4 kobold lords 4 kobold shamans 44 hill orcs 16 rothes a rabid rat 3 centipedes 6 giant bats 2 monkeys 5 orc zombies 7 dwarf zombies 2 wererats a werejackal 10 iguanas 38 killer bees 8 acid blobs 4 coyotes 6 gas spores 10 hobbits 5 large kobolds 15 hobgoblins 5 giant rats 12 cave spiders a brown mold 11 yellow molds 8 green molds 2 red molds 58 gnomes 7 garter snakes 9 manes 5 gnome zombies 15 geckos 7 jackals 3 foxen 5 kobolds 11 goblins 16 sewer rats 15 grid bugs 8 bats 10 lichens 3 kobold zombies 23 newts 1059 creatures vanquished. Genocided species: mind flayers 1 species genocided. Voluntary challenges: You had been an atheist until turn 4406. You used a wielded weapon 2451 times, starting on turn 3. You read items or engraved 85 times, starting on turn 1848. You genocided 1 type of monster, starting on turn 31406. You polymorphed 84 items, starting on turn 7463. You never changed form. You cheated 1 time but completed Sokoban on turn 9536. You used 2 wishes, starting on turn 19353. You did not wish for any artifacts. You split 3 puddings, starting on turn 33898. You wrote Elbereth's name 11 times, starting on turn 12431. You violated your moral code, losing 33 points of alignment, starting on turn 4684. Dungeon overview: The Dungeons of Doom: levels 1 to 26 Level 1 a long staircase Level 2 (Mines entrance (mid high)) stairs to The Gnomish Mines Level 3 a fountain Level 4 a fountain Level 5 a general store, some fountains Level 6 many fountains Level 7 (Up to sokoban) stairs to Sokoban Level 8 a fountain Level 9 (nymph with / of polymorph! ) Level 10 (Pray 16005) a general store Level 11 (Pray 17534) Level 12 (Leprechains, Inv Succy) Level 13 (Quest Portal) <- You were here a temple to Huan Ti, a fountain portal to The Quest Level 14 (Stash (down stairs) Pray 35001) a fountain portal to Fort Ludios Level 15 a fountain, a sink, a throne Level 16 Level 17 a fountain Level 18 Level 19 Level 20 a fountain Level 21 a potion shop, a fountain Level 22 a fountain Level 23 a throne Level 24 Level 25 a fountain Level 26 (Medusa) The Gnomish Mines: levels 3 to 10 Level 3 stairs to The Dungeons of Doom Level 4 Level 5 many shops, a temple to Shan Lai Ching, a fountain, some trees Level 6 Level 7 (Pray 13829) Level 8 Level 9 Level 10 The Quest: Level 1 a temple to Moloch portal to The Dungeons of Doom Sokoban: levels 3 to 6 Level 3 (Pray 9522) Level 4 Level 5 Level 6 (T4409 Pray) stairs to The Dungeons of Doom Fort Ludios: Level 1 a throne portal to The Dungeons of Doom History has recorded: On T:1 you entered the Dungeons of Doom to retrieve the Amulet of Yendor! On T:319 you reached level 2 of The Dungeons of Doom. On T:531 you advanced to experience level 2. On T:661 you reached level 3 of The Dungeons of Doom. On T:999 you reached level 4 of The Dungeons of Doom. On T:1045 you advanced to experience level 3. On T:1321 you reached level 5 of The Dungeons of Doom. On T:1673 you advanced to experience level 4. On T:1676 you reached level 6 of The Dungeons of Doom. On T:2070 you advanced to experience level 5. On T:2466 you advanced to experience level 6. On T:2800 you reached level 7 of The Dungeons of Doom. On T:3098 you reached level 4 of Sokoban. On T:4227 you advanced to experience level 7. On T:4803 you reached level 3 of Sokoban. On T:5806 you reached level 2 of Sokoban. On T:7726 you reached level 1 of Sokoban. On T:7950 you advanced to experience level 8. On T:9536 you entered the Sokoban zoo. On T:10642 you reached level 1 of The Gnomish Mines. On T:10894 you reached level 2 of The Gnomish Mines. On T:10942 you reached level 3 of The Gnomish Mines. On T:11291 you advanced to experience level 9. On T:11486 you reached level 4 of The Gnomish Mines. On T:11681 you reached level 5 of The Gnomish Mines. On T:11879 you reached level 6 of The Gnomish Mines. On T:12073 you reached level 7 of The Gnomish Mines. On T:12144 you reached level 8 of The Gnomish Mines. On T:14307 you reached level 8 of The Dungeons of Doom. On T:15144 you reached level 9 of The Dungeons of Doom. On T:15967 you reached level 10 of The Dungeons of Doom. On T:16172 you advanced to experience level 10. On T:16809 you reached level 11 of The Dungeons of Doom. On T:17770 you reached level 12 of The Dungeons of Doom. On T:18227 you reached level 13 of The Dungeons of Doom. On T:18406 you reached level 1 of The Quest. On T:18604 you reached level 14 of The Dungeons of Doom. On T:19319 you reached Fort Ludios. On T:19353 you wished for "+2 gray dragon scale mail". On T:19507 you reached level 15 of The Dungeons of Doom. On T:19699 you reached level 16 of The Dungeons of Doom. On T:20455 you wished for "fireproof +2 boots of speed". On T:20536 you reached level 17 of The Dungeons of Doom. On T:20766 you reached level 18 of The Dungeons of Doom. On T:21076 you reached level 19 of The Dungeons of Doom. On T:21196 you advanced to experience level 11. On T:21429 you reached level 20 of The Dungeons of Doom. On T:24033 you advanced to experience level 12. On T:24696 you killed Croesus in Fort Ludios. On T:28963 you reached level 21 of The Dungeons of Doom. On T:29321 you reached level 22 of The Dungeons of Doom. On T:29848 you reached level 23 of The Dungeons of Doom. On T:30424 you reached level 24 of The Dungeons of Doom. On T:30691 you reached level 25 of The Dungeons of Doom. On T:30973 you reached level 26 of The Dungeons of Doom. On T:31409 you advanced to experience level 13. On T:34622 you advanced to experience level 14. On T:37904 you received Sting from Huan Ti. Score breakdown: Gold: 45460 (15843 points) Experience: 14 levels (20086 points) Exploration: 26 levels ( 50.98%) (21213 points) Discoveries: 94 items ( 32.87%) (17198 points) Valuables value: (no points given unless you survive) Artifact value: 1000 (10206 points) Variety of kills: 195 monsters ( 51.45%) (21518 points) Time penalty: 38299 turns (-4362 points) Survival: died (score multiplied by 80%) Total score: 81361 Latest messages: E - 3 lizard corpses. s - 2 slime molds. d - a sprig of wolfsbane. w - a blessed scroll of destroy armor. f - a potion of unholy water. D - 17 potions of water. l - a +0 ring of protection. j - a ring of searching. You have a little trouble lifting b - a blessed bag of holding. You have a little trouble lifting I - a magic marker (0:11). You have a little trouble lifting p - a +0 pick-axe. You have a little trouble lifting k - a skeleton key. You have a little trouble lifting u - a -3 unicorn horn. You have a little trouble lifting e - a luckstone. You have a little trouble lifting n - a blessed touchstone. Your movements are slowed slightly because of your load. You drop a skeleton key. You drop a +0 pick-axe. Touching the cockatrice corpse is a fatal mistake... You turn to stone... Final status: Goodbye Dins the Priest, petrified by sacrificing a cockatrice corpse... You turned to stone in The Dungeons of Doom on dungeon level 13 with 81361 points, and 45460 pieces of gold, after 38299 moves. You were level 14 with a maximum of 92 hit points when you turned to stone.